 Dungeon Crawl Stone Soup version 0.19.1-1-g22dce08 (webtiles) character file.

482 Rrauwl the Cudgeler (level 7, 0/75 HPs)
             Began as an Ogre Berserker on Jan 15, 2017.
             Was a Believer of Trog.
             Slain by a phantom (5 damage)
             ... on level 6 of the Dungeon.
             The game lasted 00:12:10 (2242 turns).

Rrauwl the Cudgeler (Ogre Berserker)                Turns: 2242, Time: 00:12:11

Health: 0/75       AC:  3    Str: 24    XL:     7   Next: 12%
Magic:  7/7        EV: 17    Int: 11    God:    Trog [**....]
Gold:   101        SH:  0    Dex: 15    Spells: 0 memorised, 6 levels left

rFire  + . .     SeeInvis .     a - +0 mace
rCold  . . .     Gourm    +     b - +0 animal skin
rNeg   . . .     Faith    .     (no shield)
rPois  .         Spirit   .     (helmet restricted)
rElec  .         Reflect  .     (no cloak)
rCorr  .         Harm     .     (gloves unavailable)
MR     .....                    (boots unavailable)
Stlth  ++........               j - amulet of the gourmand
                                k - ring of protection from cold
                                g - ring of fire

@: brilliant, agile, exhausted, slowed, very slow
A: unfitting armour, tough skin 1
a: Berserk, Trog's Hand, Burn Spellbooks, Renounce Religion


You were on level 6 of the Dungeon.
You worshipped Trog.
Trog was pleased with you.
You were very full.

You visited 1 branch of the dungeon, and saw 4 of its levels.

You collected 101 gold pieces.

Inventory:

Hand Weapons
 a - a +0 mace (weapon)
Missiles
 l - 2 javelins (quivered)
Armour
 b - a +0 animal skin (worn)
Jewellery
 g - a ring of fire (left hand)
 j - an amulet of the gourmand (around neck)
 k - a ring of protection from cold (right hand)
Scrolls
 d - a scroll of magic mapping {unknown}
 f - a scroll of teleportation
 h - 2 scrolls of identify {unknown}
 m - a scroll of remove curse {unknown}
 p - a scroll of fog
 r - a scroll of amnesia {unknown}
Comestibles
 c - 5 bread rations
 o - a meat ration


   Skills:
 + Level 6.2 Fighting
 + Level 6.3 Maces & Flails
 + Level 2.7 Throwing
 + Level 4.4 Dodging


You had 6 spell levels left.
You didn't know any spells.

Dungeon Overview and Level Annotations

Branches:
Dungeon (3/15)

Altars:
Ru
Uskayaw
Yredelemnul


Innate Abilities, Weirdness & Mutations

You are too large for most types of armour.
You have tough skin. (AC +1)


Message History

The orc wizard casts a spell.
The orc wizard blinks!
It was a potion of magic.
Magic courses through your body. The phantom barely misses you.
As you read the scroll of immolation, it crumbles to dust.
The creatures around you are filled with an inner flame!
The phantom blinks!
The orc wizard misses you.
You closely miss the orc wizard. The orc wizard completely misses you.
The orc wizard hits you but does no damage.
You barely miss the orc wizard. The orc wizard closely misses you.
The orc wizard mumbles some strange words.
The orc wizard blinks!
The phantom blinks!
You barely miss the phantom.
The phantom is heavily damaged.
The phantom closely misses you. The phantom hits you!
* * * LOW HITPOINT WARNING * * *
You hit the phantom.
The phantom is heavily damaged.
The phantom hits you.
You die...

... #..# #.o # #...# ###
#.#o# ##########.## #.o.
......oW@)#.#####ยง#######
##########.#ho.ooW.......
#.#.####.#####. #.#.#
#..####.. #.#.# #.....W..
#.#.#...........
#.#.#.##..#..... #....
.......... ###.##..#.....


You could see a phantom (inner flame) and an orc wizard (inner flame).

Vanquished Creatures
  Grinder (D:3)
  An orc warrior (D:6)
  A howler monkey (D:6)
  An orc priest (D:6)
  An orc wizard (D:6)
  2 adders
  2 worms
  2 dart slugs (D:3)
  5 orcs (D:3)
  A ball python (D:2)
  5 giant cockroaches
  5 goblins
  5 hobgoblins
  7 jackals
  7 kobolds
  A quokka (D:3)
  8 bats
  3 frilled lizards
  9 rats
67 creatures vanquished.

Notes
Turn   | Place    | Note
-------+----------+-------------------------------------------
     0 | D:1      | Rrauwl the Ogre Berserker began the quest for the Orb.
     0 | D:1      | Reached XP level 1. HP: 24/24 MP: 1/1
   158 | D:1      | Reached XP level 2. HP: 24/32 MP: 2/2
   496 | D:1      | Reached XP level 3. HP: 15/40 MP: 3/3
   569 | D:1      | Reached ** piety under Trog
  1022 | D:2      | Found a faded altar of an unknown god.
  1022 | D:2      | Found a faded altar of an unknown god.
  1034 | D:2      | Found a basalt altar of Yredelemnul.
  1036 | D:2      | Found a faded altar of an unknown god.
  1037 | D:2      | Found a faded altar of an unknown god.
  1099 | D:2      | Reached XP level 4. HP: 47/49 MP: 4/4
  1631 | D:3      | Found a sacrificial altar of Ru.
  1692 | D:3      | Reached skill level 5 in Fighting
  1692 | D:3      | Reached skill level 5 in Maces & Flails
  1927 | D:3      | Found a hide-covered altar of Uskayaw.
  1960 | D:3      | Noticed Grinder
  2030 | D:3      | Paralysed by Grinder for 4 turns
  2035 | D:3      | Killed Grinder
  2035 | D:3      | Reached skill level 1 in Throwing
  2035 | D:3      | Reached XP level 5. HP: 16/59 MP: 5/5
  2035 | D:3      | Reached XP level 6. HP: 18/67 MP: 6/6
  2192 | D:3      | You fall through a shaft for 3 floors!
  2195 | D:6      | Noticed a phantom
  2197 | D:6      | Noticed an orc warrior
  2223 | D:6      | Killed an orc warrior
  2226 | D:6      | Reached XP level 7. HP: 65/75 MP: 7/7
  2242 | D:6      | Slain by a phantom

Skill      XL: |  1  2  3  4  5  6 |
---------------+-------------------+-----
Dodging        | 3 4 |  4.4
Fighting       | 5 6 |  6.2
Maces & Flails | 5 6 |  6.3
Throwing       | 1 2 |  2.7

Action                   |  1- 3 |  4- 6 |  7- 9 || total
-------------------------+-------+-------+-------++-------
Melee: Mace              |   120 |    83 |    11 ||   214
Invok: Berserk           |       |     2 |       ||     2
  Use: Potion            |       |     5 |     3 ||     8
       Scroll            |       |     3 |     1 ||     4
  Eat: Chunk             |    15 |     4 |       ||    19
Armor: Animal skin       |    56 |     6 |       ||    62
Dodge: Dodged            |    83 |    46 |    10 ||   139
